Map: World of Sleepers LE

Players

LiquidMaNa (MaNa)

  • Race: Protoss Protoss
  • League: Grandmaster
  • Spawn Location: 7:00

lIIllllIIlll (INnoVation) - Winner!

  • Race: Terran Terran
  • League: Master
  • Spawn Location: 1:00

Event: HomeStory Cup XX

VOD

Have the link to the VOD?

Description

Time

  • Played on: Nov. 21, 2019, 2:03 p.m.
  • Length: 7:41

All games in this series

Show
View Real Time Build Order
Export as new Build Order

LiquidMaNa Protoss 

Build Orders: 1 Gate Expand, Blink Stalkers, Zealot Archon 

Get SALT Encoding   

  12  0:00  Probe  
  13  0:12  Probe  
  14  0:17  Pylon  
  14  0:24  Probe  
  15  0:32  Probe  
  15  0:35  Gateway  
  15  0:42  Probe  
  16  0:43  Assimilator  
  17  0:53  Probe  
  18  1:05  Probe  
  19  1:18  Probe  
  20  1:23  Nexus  
  20  1:31  Cybernetics Core  
  20  1:34  Probe  
  20  1:39  Assimilator  
  21  1:46  Pylon  
  21  1:48  Probe  
  22  1:57  Adept  
  22  2:00  Probe  
  25  2:08  Warp Gate  
  25  2:12  Probe  
  26  2:17  Stalker  
  26  2:25  Probe  
  29  2:35  Probe  
  29  2:37  Probe  
  31  2:38  Stalker  
  31  2:39  Twilight Council  
  31  2:47  Probe  
  31  2:49  Probe  
  35  2:56  Blink  
  35  2:59  Probe  
  35  3:01  Probe  
  37  3:11  Gateway  
  37  3:12  Probe  
  38  3:13  Probe  
  39  3:24  Probe  
  39  3:26  Probe  
  41  3:36  Probe, Robotics Facility  
  42  3:41  Probe  
  42  3:48  Probe  
  42  3:53  Probe  
  42  3:54  Nexus  
  43  3:59  Stalker  
  43  4:01  Probe  
  46  4:13  Probe  
  46  4:14  Assimilator  
  46  4:16  Pylon  
  46  4:28  Observer  
  46  4:29  Pylon  
  46  4:34  Probe, Stalker x2  
  46  4:35  Probe  
  45  4:46  Probe  
  45  4:48  Warp Prism  
  47  4:53  Probe  
  47  4:57  Stalker x2  
  47  4:58  Probe  
  53  5:05  Probe  
  53  5:06  Probe  
  55  5:08  Charge  
  55  5:10  Probe  
  55  5:11  Templar Archives  
  56  5:15  Assimilator  
  56  5:17  Probe  
  56  5:18  Probe  
  58  5:24  Unknown  
  58  5:27  Probe  
  59  5:29  Probe, Sentry  
  59  5:32  Probe  
  59  5:33  Observer  
  63  5:35  Observer  
  63  5:41  Probe x2, Gateway  
  65  5:45  Gateway  
  65  5:50  Psionic Storm  
  65  5:55  Observer  
  65  6:01  Probe  
  66  6:06  Probe x2  
  66  6:07  High Templar  
  70  6:11  High Templar  
  70  6:12  Warp Prism  
  74  6:19  Gateway  
  74  6:22  Probe  
  74  6:23  Gateway  
  75  6:26  Pylon  
  75  6:33  Pylon  
  75  6:38  Probe  
  74  6:48  Immortal, High Templar x4  
  74  6:52  Archon x2, Shield Battery  
  86  7:03  Gateway  
  86  7:04  Pylon  
  86  7:06  Gateway  
  71  7:17  Probe  
  71  7:19  High Templar x2  
  71  7:21  Zealot  
  77  7:22  Zealot x3  
  77  7:24  Archon  
  77  7:26  Archon  
Show
View Real Time Build Order
Export as new Build Order

lIIllllIIlll Terran - Winner!

Build Orders: Reaper Expand 

Get SALT Encoding   

  12  0:00  SCV  
  13  0:12  SCV  
  14  0:17  Supply Depot  
  14  0:24  SCV  
  15  0:38  SCV  
  15  0:39  Barracks  
  15  0:42  Refinery  
  16  0:50  SCV  
  17  1:03  SCV  
  18  1:15  SCV  
  19  1:26  Reaper  
  19  1:27  Orbital Command  
  20  1:40  Command Center  
  20  1:51  Supply Depot  
  20  1:53  SCV  
  21  1:58  Marine  
  22  2:05  SCV  
  23  2:08  Factory  
  23  2:12  Refinery  
  23  2:17  SCV  
  23  2:19  Barracks Reactor  
  24  2:29  SCV  
  25  2:41  SCV  
  26  2:51  Orbital Command  
  26  2:53  Starport  
  26  2:54  Widow Mine, SCV  
  26  2:56  Marine x2  
  31  3:07  SCV  
  32  3:13  Marine  
  32  3:14  Marine  
  32  3:16  Widow Mine  
  32  3:18  SCV  
  32  3:19  SCV  
  37  3:31  Medivac, Marine x2, SCV x2  
  43  3:37  Widow Mine  
  43  3:40  Supply Depot  
  44  3:44  SCV x2  
  46  3:54  Barracks  
  46  3:56  Supply Depot  
  46  3:59  Barracks  
  46  4:05  SCV x2  
  46  4:06  Marine x2  
  50  4:14  Factory Tech Lab, Engineering Bay  
  50  4:15  Starport Tech Lab  
  49  4:18  SCV  
  49  4:20  SCV  
  49  4:23  Bunker  
  51  4:25  Marine x2  
  53  4:33  SCV x2, Supply Depot  
  55  4:43  Marine x2  
  55  4:44  Terran Infantry Weapons Level 1  
  57  4:46  Refinery  
  57  4:51  SCV x2  
  59  4:53  Stimpack, Combat Shield  
  59  4:54  Starport Reactor  
  59  4:57  Marauder x2  
  61  5:02  Marine x2, Supply Depot  
  61  5:05  SCV x2  
  61  5:07  Factory Reactor  
  61  5:17  Refinery, SCV  
  61  5:19  Marauder x2  
  61  5:20  Marine x2  
  68  5:24  Supply Depot  
  68  5:29  SCV  
  68  5:30  SCV  
  70  5:36  Medivac x2  
  70  5:37  Supply Depot  
  70  5:39  Marine x2  
  70  5:42  Marauder  
  78  5:46  Marauder, Widow Mine  
  78  5:48  Widow Mine  
  84  5:51  Supply Depot  
  84  5:54  SCV x2  
  83  6:06  Marine x2, Marauder  
  83  6:07  Marauder  
  83  6:09  Widow Mine x2  
  93  6:13  Medivac  
  93  6:14  Medivac  
  97  6:19  Supply Depot  
  97  6:22  Supply Depot  
  97  6:29  Marine, Marauder x2  
  102  6:35  Concussive Shells  
  102  6:40  Marine, Widow Mine x2  
  102  6:45  Supply Depot  
  107  6:48  Marine  
  107  6:51  Marauder x2  
  107  6:52  SCV  
  107  6:53  SCV, Supply Depot  
  114  6:58  Medivac, Marine  
  117  7:06  Medivac  
  117  7:07  Widow Mine x2  
  123  7:13  Marauder  
  123  7:14  Marauder, Marine  
  124  7:16  Marine  
  124  7:22  Supply Depot  
  123  7:23  Supply Depot  
Tags
 
Add a new tag
Caveats
  • Supply blocks, unpowered buildings, or Contaminate may cause inaccurate times.
  • Supply counts are checked every 10 seconds.